 Dungeon Crawl Stone Soup version 0.30-a0-475-g03497ec522 (webtiles) character file.

Game seed: 908986070762975188

56266 tilp the Warrior (level 15, 0/144 HPs)
             Began as a Meteoran Fighter on Dec 20, 2022.
             Was a High Priest of Okawaru.
             Slain by a ten-headed hydra (3 damage)
             ... on level 2 of the Swamp.
             The game lasted 00:51:12 (7150 turns).

tilp the Warrior (Meteoran Fighter)                 Turns: 7150, Time: 00:51:13

Health: 0/144      AC: 25    Str: 19    XL:     15   Next: 64%
Magic:  0/23       EV: 17    Int: 12    God:    Okawaru [*****.]
Gold:   421        SH: 13    Dex: 22    Spells: 14/14 levels left

rFire   + . .      SeeInvis .    a - +0 scimitar
rCold   . . .      Faith    .    Y - +0 kite shield {reflect}
rNeg    . . .      Spirit   +    S - +2 chain mail {Will+}
rPois   .          Reflect  +    P - +2 hat "Xuhuezenn" {Dex+3}
rElec   .          Harm     .    n - scarf {repulsion}
rCorr   .          Rampage  ∞    L - +2 pair of gloves {hurl}
Will    +++..                    Q - +3 pair of seven-league boots {Rampage+∞}
Stlth   +.........               C - amulet of guardian spirit
HPRegen 0.44/turn                M - ring of flight
MPRegen 0.18/turn                U - ring of Zaabb {rF+ Will+}

@: heroic, flying, glowing, repel missiles
A: sense surroundings 2, otherworldly, glowing, explore regen
a: Renounce Religion, Heroism, Finesse, Duel


You were on level 2 of the Swamp.
You worshipped Okawaru.
Okawaru was extremely pleased with you.
You visited 4 branches of the dungeon, and saw 17 of its levels.
You also visited: Ossuary, Gauntlet and Ice Cave.

You collected 616 gold pieces.
You spent 195 gold pieces at shops.

Inventory:

Hand Weapons
 a - a +0 scimitar (weapon)
 b - the +7 dagger of the Median {vorpal, rElec rF+ rN+ Str+4}
   (You found it on level 3 of the Lair of Beasts)

   It inflicts extra damage upon your enemies.
   Str:       It affects your strength (+4).
   rF:        It protects you from fire.
   rElec:     It insulates you from electricity.
   rN:        It protects you from negative energy.
 A - a +1 long sword
 F - the +6 Majin-Bo {vamp, MP+6 Int+6}
   (Okawaru gifted it to you in an ice cave)

   It heals its wielder for a portion of the damage dealt when they wound a
   living foe with it or with a spell.
   Its wielder's spells cost health as well as magical power.
   Int:       It affects your intelligence (+6).
   MP:        It affects your magic capacity (+6).
 X - the +11 hand crossbow of the Maze {penet, Str-3 Dex+4 SInv}
   (Okawaru gifted it to you on level 5 of the Lair of Beasts)

   Any ammunition fired by it passes through the targets it hits, potentially
   hitting all targets in its path until it reaches maximum range.
   Str:       It affects your strength (-3).
   Dex:       It affects your dexterity (+4).
   SInv:      It lets you see invisible.
Missiles
 s - 11 boomerangs
 t - 2 silver javelins
 D - 5 javelins
 G - 6 silver boomerangs
 I - 13 poisoned darts (quivered)
 O - a throwing net
 V - a curare-tipped dart
Armour
 c - a +0 buckler
 d - the +5 crystal plate armour of Tartarus {rF++}
   (Okawaru gifted it to you on level 3 of the Lair of Beasts)

   rF:        It greatly protects you from fire.
 m - a +0 tower shield
 n - a scarf of repulsion (worn)
 q - a +1 chain mail
 L - a +2 pair of gloves of hurling (worn)
 P - the +2 hat "Xuhuezenn" (worn) {Dex+3}
   (Okawaru gifted it to you on level 5 of the Lair of Beasts)

   Dex:       It affects your dexterity (+3).
 Q - the +3 pair of seven-league boots (worn) {Rampage+∞}
   (You found it on level 5 of the Lair of Beasts)

   Its wearer moves as far as possible in that direction when moving towards
   enemies.
 S - a +2 chain mail of willpower (worn)
 Y - a +0 kite shield of reflection (worn)
Jewellery
 h - an amulet of magic regeneration
 i - a +4 ring of protection
 j - the ring of the Ancient Continents {Fire Will+ Int+5 Dex+3}
   (You found it on level 2 of the Dungeon)

   [ring of fire]

   It enhances your fire magic.
   Int:       It affects your intelligence (+5).
   Dex:       It affects your dexterity (+3).
   rF:        It protects you from fire.
   rC:        It makes you vulnerable to cold.
   Will:      It increases your willpower.
 C - an amulet of guardian spirit (around neck)
 J - an amulet of the acrobat
 K - a ring of protection from fire
 M - a ring of flight (left hand)
 U - the ring of Zaabb (right hand) {rF+ Will+}
   (You found it on level 5 of the Lair of Beasts)

   [ring of protection from fire]

   rF:        It protects you from fire.
   Will:      It increases your willpower.
Wands
 k - a wand of flame (3)
 R - a wand of digging (9)
Scrolls
 r - 2 scrolls of fear
 u - 5 scrolls of teleportation
 x - 2 scrolls of amnesia
 y - 2 scrolls of enchant weapon
 z - 4 scrolls of identify
 T - a scroll of enchant armour
Potions
 f - 4 potions of curing
 g - 3 potions of brilliance
 l - a potion of cancellation
 o - a potion of magic
 p - 3 potions of heal wounds
 v - 2 potions of flight
 w - 2 potions of ambrosia
 B - a potion of attraction
 E - a potion of mutation
 H - a potion of resistance
 N - 4 potions of might
 W - a potion of lignification {unknown}
Miscellaneous
 e - a phial of floods (inert)


   Skills:
 - Level 16.0(21.0) Fighting
 + Level 12.3(17.3) Long Blades
 - Level 8.0(13.0) Throwing
 + Level 8.7(13.7) Armour
 + Level 12.2(17.2) Dodging
 - Level 4.0(9.0) Stealth
 - Level 6.0(11.0) Shields
 + Level 10.1 Invocations
 + Level 9.6 Evocations


You had 14 spell levels left.
You didn't know any spells.
Your spell library contained the following spells:

 Spells                   Type           Power      Damage    Failure   Level
 Foxfire                  Conj/Fire      0%         2x1d4     99%         1
 Shock                    Conj/Air       0%         1d3       99%         1
 Blink                    Tloc           0%         N/A       100%        2
 Momentum Strike          Conj/Tloc      0%         3d8       100%        2
 Scorch                   Fire           0%         2d5       100%        2
 Frozen Ramparts          Ice            0%         1d1       100%        3
 Ignite Poison            Fire/Tmut/Pois 0%         N/A       100%        3
 Kindle Blastsparks       Fire/Tloc/Air  0%         2d10      100%        3
 Lesser Beckoning         Tloc           0%         N/A       100%        3
 Swiftness                Air            0%         N/A       100%        3
 Airstrike                Air            0%         2d(0-16)  100%        4
 Ice Form                 Ice/Tmut       0%         N/A       100%        4
 Sticky Flame             Conj/Fire      0%         2d3       100%        4
 Alistair's Intoxication  Tmut/Pois      0%         N/A       100%        5
 Borgnjor's Vile Clutch   Necr/Erth      0%         N/A       100%        5
 Fireball                 Conj/Fire      0%         3d3       100%        5
 Iskenderun's Battlesphe  Conj           0%         2d6       100%        5
 Conjure Ball Lightning   Conj/Air       0%         3x3d6     100%        6
 Eringya's Noxious Bog    Tmut/Pois      0%         N/A       100%        6
 Orb of Destruction       Conj           0%         9d5       100%        7
 Summon Ice Beast         Ice/Summ       Unusable   N/A       N/A         4

Dungeon Overview and Level Annotations

Branches:
Dungeon (9/15) Zot: 2415   Temple (1/1) D:4 Zot: 557    Lair (5/5) D:8 Zot: 429
  Swamp (2/4) Lair:3 Zot: 967  Spider (0/4) Lair:2        Slime (0/5) Lair:5
    Orc (0/2) D:9         Ossuary (visited)           IceCv (visited)
Gauntlet (visited)

Altars:
Ashenzari
Cheibriados
Dithmenos
Elyvilon
Kikubaaqudgha
Makhleb
Nemelex Xobeh
Okawaru
Qazlal
Ru
Trog
Vehumet
Zin
The Shining One
Jiyva

Shops:
D:9 ([

Annotations:
D:5 1 runed translucent door, Verendum's ghost, novice OpTm


Innate Abilities, Weirdness & Mutations

You passively map the area around you.
You are easily found by Zot.
You glow in the dark.
You regain HP and MP as you explore.


Message History

You block the ten-headed hydra's attack.
The ten-headed hydra misses you. The ten-headed hydra bites you.
* * * LOW HITPOINT WARNING * * *
The ten-headed hydra closely misses you.
The ten-headed hydra misses you.
The ten-headed hydra bites you but does no damage.
You block the ten-headed hydra's attack. x2
The alligator bites you.
* * * LOW HITPOINT WARNING * * *
The alligator tail-slaps you but does no damage.
There is a stone staircase leading up here.
Unknown command.
As you read the scroll of fear, it crumbles to dust.
You assume a fearsome visage.
The alligator looks frightened!
The ten-headed hydra resists with almost no effort.
The ten-headed hydra bites you.
* * * LOW HITPOINT WARNING * * *
The ten-headed hydra bites you but does no damage.
The ten-headed hydra barely misses you.
You block the ten-headed hydra's attack. x3
The ten-headed hydra bites you but does no damage. x2
The ten-headed hydra barely misses you.
You block the ten-headed hydra's attack.
Unknown command.
Unknown command.
Unknown command.
Unknown command.
You barely miss the ten-headed hydra.
The ten-headed hydra is moderately wounded.
The ten-headed hydra barely misses you. The ten-headed hydra bites you!
* * * LOW HITPOINT WARNING * * *
The ten-headed hydra bites you.
* * * LOW HITPOINT WARNING * * *
You block the ten-headed hydra's attack.
The ten-headed hydra bites you!
* * * LOW HITPOINT WARNING * * *
You block the ten-headed hydra's attack.
The ten-headed hydra bites you but does no damage. x2
The ten-headed hydra bites you.
You die...

* *
♣...~~~~~~~~~~..,,,
* * *
♣♣.~~~~~~~~~~~.♣*
♣♣♣♣~.~~~~~~~~~..♣ *
* ~ ~
~~~.~~~~~~~.....~♣ *
~
.§~~~~~~~~~.~....♣♣~
~ * ~
~.....~~~(~.........
~
..♣♣♣♣♣†t~~.......♣,
, ♣♣..D.~♣..~~..~ **
♣♣♣.@~.~~..♣!,,**
♣♣♣♣~~..♣♣ ** ~.~♣♣
♣♣♣♣


You could see an alligator (swift, fleeing) and a ten-headed hydra.

Vanquished Creatures
  Donald (Swamp:1)
  A dire elephant (Lair:5)
  2 bunyips (Lair:3)
  2 ghost crabs (Swamp:1)
  2 hydras
  A boulder beetle (Lair:5)
  4 alligators
  2 catoblepae
  A deep troll shaman (Lair:5)
  19 death yaks
  A spriggan druid (Lair:3)
  3 bog bodies (Swamp:1)
  Pikel (D:4)
  11 elephants
  An ice statue (IceCv)
  5 black mambas
  A torpor snail (Lair:5)
  A guardian serpent (Lair:5)
  8 cane toads
  8 rime drakes
  4 komodo dragons
  A meliai (Lair:2)
  3 tyrant leeches
  7 polar bears
  4 hornets
  19 blink frogs
  10 dream sheep (Lair:5)
  5 spriggans
  A shadow (D:9)
  2 wyverns (Lair:5)
  30 yaks
  A basilisk (Lair:3)
  3 vampire mosquitoes
  15 water moccasins
  An acid dragon (D:8)
  4 swamp worms
  5 orc warriors
  A swamp drake (Lair:3)
  2 ice beasts
  2 black bears
  14 wolves
  A lemure (D:3)
  2 phantoms (D:4)
  2 wyvern zombies (Ossuary)
  8 bullfrogs
  A necrophage (D:7)
  2 gnoll sergeants
  2 scorpions (D:4)
  3 water moccasin zombies (Ossuary)
  2 killer bees (Lair:2)
  3 bullfrog zombies (Ossuary)
  3 centaur zombies (Ossuary)
  3 jellies
  A gnoll bouda (D:7)
  3 orc priests
  A centaur skeleton (D:4)
  3 hounds
  Ijyb (D:3)
  3 iguanas
  A scorpion zombie (D:4)
  Natasha (twice) (D:3)
  8 orc wizards
  2 killer bee zombies (Ossuary)
  A hound zombie (D:4)
  14 mummies
  4 howler monkey zombies
  6 adders
  9 gnolls
  A howler monkey skeleton (D:4)
  A shadow imp (D:6)
  An adder skeleton (D:4)
  An adder zombie (D:4)
  A worm (D:2)
  3 dart slugs
  25 orcs
  A ball python (D:3)
  11 endoplasms
  3 giant cockroaches (D:1)
  5 goblins
  5 hobgoblins
  2 jackals (D:1)
  5 quokkas
  A bat (D:2)
  A frilled lizard (D:1)
  4 kobolds
  3 rats (D:1)
374 creatures vanquished.

Vanquished Creatures (others)
  A demonic plant (Gauntlet)
  16 fungi
  21 plants
  5 withered plants
43 creatures vanquished.

Grand Total: 417 creatures vanquished

Notes
Turn   | Place    | Note
-------+----------+-------------------------------------------
     0 | D:1      | tilp the Meteoran Fighter began the quest for the Orb.
     0 | D:1      | Reached XP level 1. HP: 19/19 MP: 2/2
    52 | D:1      | Reached XP level 2. HP: 25/26 MP: 3/3
    89 | D:1      | Reached skill level 1 in Dodging
   219 | D:3      | Noticed Ijyb
   227 | D:2      | Reached XP level 3. HP: 19/31 MP: 4/4
   256 | D:2      | Identified the ring of the Ancient Continents {Fire Will+
                  | Int+5 Dex+3}
   378 | D:1      | Reached XP level 4. HP: 36/38 MP: 5/5
   491 | D:3      | Noticed Natasha
   508 | D:3      | Killed Natasha
   546 | D:4      | Noticed Pikel
   546 | D:4      | Noticed a lemure
   546 | D:4      | Noticed a lemure
   546 | D:4      | Noticed a lemure
   546 | D:4      | Noticed a lemure
   568 | D:3      | Killed a lemure
   590 | D:3      | Reached XP level 5. HP: 43/46 MP: 6/6
   603 | D:4      | Noticed a phantom
   618 | D:4      | Killed a phantom
   619 | D:4      | Reached skill level 1 in Stealth
   637 | D:4      | Noticed a phantom
   650 | D:4      | Killed a phantom
   651 | D:4      | Reached skill level 4 in Fighting
   651 | D:4      | Reached XP level 6. HP: 52/52 MP: 7/7
   685 | D:4      | Reached XP level 7. HP: 38/59 MP: 8/8
   765 | D:4      | Found a staircase to the Ecumenical Temple.
   780 | D:4      | Reached skill level 1 in Evocations
   816 | D:4      | Killed Pikel
   817 | D:4      | Reached skill level 5 in Long Blades
   817 | D:4      | Reached skill level 5 in Armour
   817 | D:4      | Reached XP level 8. HP: 7/67 MP: 9/9
   832 | D:4      | Reached skill level 5 in Dodging
   844 | D:4      | Found a sand-covered staircase.
   853 | Ossuary  | Entered an ossuary
   893 | Ossuary  | Reached skill level 5 in Fighting
  1002 | Ossuary  | Gained mutation: You passively map the area around you.
                  | [Meteoran growth]
  1002 | Ossuary  | Reached XP level 9. HP: 61/74 MP: 10/10
  1329 | Temple   | Entered the Ecumenical Temple
  1351 | Temple   | Became a worshipper of Warmaster Okawaru
  1398 | D:3      | Noticed Natasha
  1416 | D:3      | Killed Ijyb
  1417 | D:3      | Reached skill level 6 in Fighting
  1426 | D:3      | Killed Natasha
  1623 | D:5      | Entered Level 5 of the Dungeon
  1974 | D:5      | Found a runed translucent door.
  1978 | D:5      | Noticed Verendum's ghost (novice OpTm)
  2005 | D:5      | Found a burning altar of Makhleb.
  2164 | D:6      | Found a white marble altar of Elyvilon.
  2365 | D:7      | Reached XP level 10. HP: 68/80 MP: 11/11
  2567 | D:7      | Reached * piety under Okawaru
  2576 | D:7      | Reached skill level 1 in Throwing
  2576 | D:7      | Reached skill level 1 in Invocations
  2922 | D:8      | Reached ** piety under Okawaru
  3071 | D:9      | Reached skill level 5 in Evocations
  3080 | D:9      | Found Saam Uli's Armour Boutique.
  3081 | D:9      | Found a staircase to the Orcish Mines.
  3082 | D:9      | Found Tunynu's Weapon Boutique.
  3210 | D:9      | Bought a +0 pair of gloves of hurling for 195 gold pieces
  3298 | D:8      | Reached *** piety under Okawaru
  3353 | D:8      | Found a staircase to the Lair.
  3366 | D:8      | Reached XP level 11. HP: 75/91 MP: 11/14
  3371 | Lair:1   | Entered Level 1 of the Lair of Beasts
  3403 | Lair:1   | Found a gate leading to a gauntlet.
  3458 | Gauntlet | Entered a Gauntlet
  3458 | Gauntlet | Noticed a rust devil
  3458 | Gauntlet | Found a transporter.
  3458 | Gauntlet | Found a transporter.
  3459 | Gauntlet | Found a transporter.
  3459 | Gauntlet | Found a transporter.
  3462 | Gauntlet | Found a transporter.
  3462 | Gauntlet | Found a transporter.
  3465 | Gauntlet | Noticed an elephant
  3466 | Gauntlet | Noticed an elephant
  3467 | Gauntlet | Noticed an elephant
  3469 | Gauntlet | Noticed a dire elephant
  3474 | Gauntlet | Found a transporter.
  3476 | Gauntlet | Found a transporter.
  3478 | Gauntlet | Found a transporter.
  3478 | Gauntlet | Found a transporter.
  3484 | Gauntlet | Noticed a wretched star
  3486 | Gauntlet | Found a transporter.
  3488 | Gauntlet | Noticed a hell hog
  3540 | Lair:1   | Noticed an elephant
  3541 | Lair:1   | Noticed an elephant
  3544 | Lair:1   | Noticed an elephant
  3593 | Lair:1   | Killed an elephant
  3594 | Lair:1   | Reached skill level 7 in Fighting
  3607 | Lair:1   | Killed an elephant
  3618 | Lair:1   | Killed an elephant
  3618 | Lair:1   | Received a gift from Okawaru
  3632 | Lair:1   | Noticed a black mamba
  3649 | Lair:1   | Killed a black mamba
  3650 | Lair:1   | Reached skill level 5 in Invocations
  3708 | Lair:2   | Found a hole to the Spider Nest.
  3748 | Lair:2   | Reached **** piety under Okawaru
  3897 | Lair:3   | Identified the +7 dagger of the Median {vorpal, rElec rF+
                  | rN+ Str+4}
  3923 | Lair:3   | Found a frozen archway.
  3923 | Lair:3   | Noticed a black mamba
  3934 | Lair:3   | Killed a black mamba
  3950 | Lair:3   | Reached ***** piety under Okawaru
  3951 | Lair:3   | Reached skill level 8 in Fighting
  4030 | Lair:3   | Reached skill level 10 in Long Blades
  4030 | Lair:3   | Reached skill level 10 in Dodging
  4037 | Lair:3   | Found a staircase to the Swamp.
  4077 | IceCv    | Entered an ice cave
  4100 | IceCv    | Reached XP level 12. HP: 62/103 MP: 10/17
  4116 | IceCv    | Received a gift from Okawaru
  4128 | IceCv    | Noticed a death yak
  4130 | IceCv    | Reached skill level 9 in Fighting
  4144 | IceCv    | Killed a death yak
  4151 | IceCv    | Received a gift from Okawaru
  4151 | IceCv    | Found the +6 Majin-Bo {vamp, MP+6 Int+6}
  4156 | IceCv    | Reached skill level 10 in Fighting
  4225 | IceCv    | Noticed a death yak
  4237 | IceCv    | Killed a death yak
  4373 | IceCv    | Reached skill level 11 in Fighting
  4417 | IceCv    | Noticed a death yak
  4424 | IceCv    | Noticed a death yak
  4434 | IceCv    | Killed a death yak
  4435 | IceCv    | Reached skill level 12 in Fighting
  4440 | IceCv    | Killed a death yak
  4486 | IceCv    | Noticed a frost giant
  4486 | IceCv    | Noticed a death yak
  4634 | Lair:4   | Received a gift from Okawaru
  4650 | Lair:4   | Reached skill level 13 in Fighting
  4696 | Lair:4   | Got the Grimoire of Flames
  4729 | Lair:4   | Noticed a catoblepas
  4739 | Lair:4   | Noticed a death yak
  4744 | Lair:4   | Reached XP level 13. HP: 122/122 MP: 18/18
  4813 | Lair:4   | Killed a catoblepas
  4832 | Lair:4   | Killed a death yak
  4833 | Lair:4   | Reached skill level 14 in Fighting
  4936 | Lair:5   | Entered Level 5 of the Lair of Beasts
  5058 | Lair:5   | Reached skill level 15 in Fighting
  5180 | Lair:5   | Identified the +2 hat "Xuhuezenn" {Dex+3} (Okawaru gifted
                  | it to you on level 5 of the Lair of Beasts)
  5180 | Lair:5   | Received a gift from Okawaru
  5311 | Lair:5   | Reached skill level 16 in Fighting
  5323 | Lair:5   | Noticed a death yak
  5324 | Lair:5   | Noticed a death yak
  5324 | Lair:5   | Noticed a death yak
  5337 | Lair:5   | Noticed a death yak
  5340 | Lair:5   | Noticed a death yak
  5343 | Lair:5   | Noticed a death yak
  5353 | Lair:5   | Killed a death yak
  5363 | Lair:5   | Killed a death yak
  5386 | Lair:5   | Killed a death yak
  5396 | Lair:5   | Killed a death yak
  5406 | Lair:5   | Killed a death yak
  5413 | Lair:5   | Killed a death yak
  5414 | Lair:5   | Reached XP level 14. HP: 32/137 MP: 4/20
  5466 | Lair:5   | Reached skill level 5 in Throwing
  5466 | Lair:5   | Reached skill level 5 in Shields
  5574 | Lair:5   | Found the +3 pair of seven-league boots {Rampage+∞}
  5754 | Lair:5   | Found a staircase to the Slime Pits.
  5755 | Lair:5   | Found a viscous altar of Jiyva.
  5885 | Lair:5   | Received a gift from Okawaru
  5889 | Arena    | Entered the Arena
  5945 | Lair:5   | Noticed a dire elephant
  5967 | Lair:5   | Killed a dire elephant
  5988 | Lair:5   | Identified the ring of Zaabb {rF+ Will+}
  6017 | Lair:5   | Received a gift from Okawaru
  6133 | Lair:5   | Received a gift from Okawaru
  6243 | Lair:5   | Identified the +11 hand crossbow of the Maze {penet, Str-3
                  | Dex+4 SInv} (Okawaru gifted it to you on level 5 of the
                  | Lair of Beasts)
  6243 | Lair:5   | Received a gift from Okawaru
  6366 | Swamp:1  | Entered Level 1 of the Swamp
  6388 | Swamp:1  | Noticed a bunyip
  6403 | Lair:3   | Reached XP level 15. HP: 57/144 MP: 5/22
  6424 | Lair:3   | HP: 4/144 [spriggan rider/+0 spear (5)]
  6601 | Lair:3   | Identified the +5 crystal plate armour of Tartarus {rF++}
                  | (Okawaru gifted it to you on level 3 of the Lair of Beasts)
  6601 | Lair:3   | Received a gift from Okawaru
  7004 | Swamp:1  | Reached skill level 10 in Invocations
  7012 | Swamp:1  | Noticed Donald
  7052 | Swamp:1  | Killed Donald
  7150 | Swamp:2  | HP: 3/144 [ten-headed hydra (9)]
  7150 | Swamp:2  | Slain by a ten-headed hydra

Illustrated notes

Levels and vault maps discovered:
D:1:      evilmike_arrival_fibonacci_small, layout_rooms,
          shapermc_ecumenical_altar_mp_highgroup
D:2:      layout_loops_ring, mrwooster_statue_mirror
D:3:      layout_rooms, ebering_ghost_disaster_area, serial_shops,
          nicolae_shop_behind_doors, uniq_ijyb, uniq_natasha, uniq_terence
D:4:      layout_gridville, minmay_temple_entry_statues_fountains,
          serial_undead, serial_undead_c, serial_undead_d, serial_undead_c,
          serial_undead_b, gup_ossuary_entry_pyramid, uniq_pikel, uniq_pargi
D:5:      layout_basic, mainiacjoe_overflow_alcove_1, bloody_makhleb,
          ebering_ghost_sewer_d
D:6:      layout_gridville, nicolae_overflow_crystal_walls, serial_shops,
          nicolae_shop_statue_plus, minivault_26, uniq_maggie
D:7:      layout_loops_corners, dreamdust_gnoll_shepherd
D:8:      layout_layer_cave, grunt_lair_entry_orc_guard_hut, serial_glass,
          glass_columns_c, glass_columns_c, nrook_mini_vaults,
          chequers_serial_rivers_large_b
D:9:      layout_layer_cave, kennysheep_orc_sif_temple, lemuel_tele_altar,
          fedhas_altar_2, orc_david_3
Temple:   eino_wide_crystal_templ
Lair:1:   layout_cave_pods, gauntlet_entry_generic, basic_altar,
          grunt_megastairs_4
Lair:2:   layout_small_grid, hellmonk_spider_entry_not_the_bees,
          grunt_megastairs_3
Lair:3:   layout_cave_pods, minmay_swamp_entry_reptiles, portal_ice_cave_rime,
          hibernation_bobbens
Lair:4:   layout_loops_ring, nicolae_lair_yak_garden, grunt_megastairs_2
Lair:5:   grunt_lair_end_beastmaster, layout_regular_city, slime_entry_1,
          hellmonk_guarded_unrand_seven_league_boots
Swamp:1:  layout_basic_swamp, serial_swamp_ruin, evilmike_swamp_ruin_rubble_1,
          evilmike_swamp_ruin_house_1, swamp_pool3, uniq_donald
Swamp:2:  layout_basic_swamp, evilmike_swamp_ruin_house_4

Skill      XL: |  1  2  3  4  5  6  7  8  9 10 11 12 13 14 15 |
---------------+----------------------------------------------+-----
Dodging        | 1 2 3 4 5 7 8 10 11 12 | 12.2
Long Blades    | 3 4 5 7 8 10 11 12 | 12.3
Armour         | 4 5 6 7 8 |  8.7
Shields        | 4 6 |  6.0
Stealth        | 1 2 3 4 |  4.0
Fighting       | 4 5 6 8 13 16 | 16.0
Evocations     | 2 3 4 5 6 8 9 |  9.6
Throwing       | 3 4 7 8 |  8.0
Invocations    | 3 6 9 10 | 10.1

Action                   |  1- 3 |  4- 6 |  7- 9 | 10-12 | 13-15 || total
-------------------------+-------+-------+-------+-------+-------++-------
Melee: Long sword        |    85 |    86 |   462 |   296 |       ||   929
       Scimitar          |       |       |       |   436 |  1068 ||  1504
Throw: Boomerang         |       |       |     8 |     6 |     4 ||    18
       Dart              |       |       |       |     5 |    15 ||    20
       Javelin           |       |       |       |     4 |     1 ||     5
Invok: Heroism           |       |       |       |    15 |    27 ||    42
       Finesse           |       |       |       |     2 |    13 ||    15
       Duel              |       |       |       |       |     1 ||     1
Evoke: Wand              |       |       |     1 |    10 |    22 ||    33
       Phial of floods   |       |       |       |       |     1 ||     1
  Use: Scroll            |       |     1 |    19 |     7 |     8 ||    35
       Potion            |       |       |     1 |     3 |     2 ||     6
 Stab: Petrified         |       |       |       |     2 |       ||     2
       Petrifying        |       |       |       |       |     2 ||     2
Armor: Scale mail        |    52 |     2 |       |       |       ||    54
       Chain mail        |       |    73 |   264 |   412 |   392 ||  1141
       Crystal plate arm |       |       |       |       |   141 ||   141
Dodge: Dodged            |    23 |    21 |   143 |   305 |   470 ||   962
       Repelled          |       |       |     3 |     3 |     2 ||     8
Block: Buckler           |    20 |    16 |   109 |   210 |   281 ||   636
       Kite shield       |       |       |       |       |    38 ||    38

Table legend: (Time is in decaauts)
 A = Elapsed time spent in this place.
 B = Non-inter-level travel time spent in this place.
 C = Inter-level travel time spent in this place.
 D = Time resting spent in this place.
 E = Time spent auto-exploring this place.
 F = Levels seen in this place.
 G = Mean time per level.
                   A        B        C        D        E       F      G
               +--------+--------+--------+--------+--------+-----+--------+
         Total |   6839 |   6515 |    324 |     30 |      0 |  21 |  325.7 |
       Dungeon |   2984 |   2815 |    169 |      6 |      0 |   9 |  331.6 |
        Temple |     42 |     23 |     19 |      0 |      0 |   1 |   42.0 |
          Lair |   2570 |   2434 |    136 |      0 |      0 |   5 |  514.0 |
         Swamp |    231 |    231 |      0 |      0 |      0 |   2 |  115.5 |
       Ossuary |    498 |    498 |      0 |     13 |      0 |   1 |  498.0 |
      Ice Cave |    421 |    421 |      0 |      0 |      0 |   1 |  421.0 |
      Gauntlet |     61 |     61 |      0 |      0 |      0 |   1 |   61.0 |
         Arena |     28 |     28 |      0 |     11 |      0 |   1 |   28.0 |
               +--------+--------+--------+--------+--------+-----+--------+

Top non-repeatable levels by time:
  Lair:5: 1042 daAuts
  Lair:3: 781 daAuts
     D:4: 616 daAuts
     D:8: 530 daAuts
 Ossuary: 498 daAuts
   IceCv: 421 daAuts
     D:6: 332 daAuts
     D:7: 329 daAuts
  Lair:4: 306 daAuts
     D:3: 298 daAuts
     D:5: 276 daAuts
  Lair:1: 232 daAuts
     D:2: 222 daAuts
     D:1: 210 daAuts
  Lair:2: 207 daAuts
